 Dungeon Crawl Stone Soup version 0.30-a0-586-g23e55c9e0a (webtiles) character file.

Game seed: 7185075783029487173

31 sokol815 the Sneak (level 3, -3/26 HPs)
             Began as an Octopode Delver on Jan 4, 2023.
             Was an Initiate of Gozag.
             Slain by a phantom (6 damage)
             ... on level 5 of the Dungeon.
             The game lasted 00:02:32 (632 turns).

sokol815 the Sneak (Octopode Delver)                 Turns: 632, Time: 00:02:33

Health: -3/26      AC:  1    Str: 11    XL:     3   Next: 22%
Magic:  3/3        EV: 13    Int: 14    God:    Gozag
Gold:   5          SH:  0    Dex: 13    Spells: 2/2 levels left

rFire   . . .      SeeInvis .    a - +0 short sword
rCold   . . .      Faith    .    (no shield)
rNeg    . . .      Spirit   .    (helmet restricted)
rPois   .          Reflect  .    (no amulet)
rElec   .          Harm     .    (no ring)
rCorr   .          Rampage  .    (no ring)
Will    .....                    (no ring)
Stlth   ++++                     (no ring)
HPRegen 0.24/turn                (no ring)
MPRegen 0.08/turn                (no ring)
                                 (no ring)
                                 (no ring)

@: no status effects
A: almost no armour, amphibious, 8 rings, camouflage 1, gelatinous body 1,
(nimble swimmer 1), tentacles
a: Renounce Religion, Potion Petition, Call Merchant, Bribe Branch


You were on level 5 of the Dungeon.
You worshipped Gozag.
Gozag was noncommittal.
You visited 2 branches of the dungeon, and saw 2 of its levels.

You collected 44 gold pieces.
You paid 39 gold pieces to Gozag.

Inventory:

Hand Weapons
 a - a +0 short sword (weapon)
Jewellery
 X - a ring of resist corrosion
   (You found it on level 5 of the Dungeon)
Wands
 d - a wand of digging (3)
Scrolls
 b - a scroll of fog
 c - a scroll of brand weapon {unknown}
 e - a scroll of magic mapping {@r4!r}
 E - a scroll of fear


   Skills:
 - Level 3.0 Fighting
 + Level 2.9 Short Blades
 - Level 2.0 Dodging
 + Level 7.3 Stealth


You had 2 spell levels left.
You didn't know any spells.
Your spell library was empty.

Dungeon Overview and Level Annotations

Branches:
Dungeon (5/15) Zot: 5738   Temple (1/1) D:5 Zot: 5649

Altars:
Ashenzari
Cheibriados
Dithmenos
Elyvilon
Fedhas
Gozag
Hepliaklqana
Kikubaaqudgha
Makhleb
Nemelex Xobeh
Okawaru
Qazlal
Ru
Sif Muna
Uskayaw
Vehumet
Wu Jian
Yredelemnul
Zin
The Shining One

Annotations:
D:5 1 transporter


Innate Abilities, Weirdness & Mutations

You cannot wear most types of armour.
You are amphibious.
You can wear up to eight rings at the same time.
Your skin changes colour to match your surroundings (Stealth+).
Your rubbery body absorbs attacks. (AC +1, EV +1)
((You are camouflaged when in or above water. (Stealth+)))
You have tentacles for arms and can constrict up to eight enemies at once.


Message History

You open the door.
Found a sacrificial altar of Ru.
There is an open door here.
There is an open door here.
You open the door.
Found a hazy altar of Hepliaklqana.
There is an open door here.
There is an open door here.
You open the door.
Found a basalt altar of Yredelemnul.
There is an open door here.
There is an open door here.
You open the door.
Found a glowing silver altar of Zin.
There is an open door here.
There is an open door here.
You open the door.
Found a white marble altar of Elyvilon.
There is an open door here.
There is an open door here.
You open the door.
Found a radiant altar of Vehumet.
There is an open door here.
There is an open door here.
You open the door.
Found a sparkling altar of Nemelex Xobeh.
There is an open door here.
There is an open door here.
You open the door.
Found an ancient bone altar of Kikubaaqudgha.
There is an open door here.
There is an open door here.
You open the door.
Found a snail-covered altar of Cheibriados.
There is an open door here.
There is an open door here.
You open the door.
Found an opulent altar of Gozag.
There is an open door here.
There is an opulent altar of Gozag here.
You curl up in front of the altar of Gozag.
Gozag welcomes you!
You pay a service fee of 39 gold.
There is an open door here.
Done exploring.
(D) Dungeon (T) Temple
Where to? (Enter - D:5 @ (x,y), ? - help)
There is an open door here.
There is a staircase back to the Dungeon here.
You climb upwards.
Level annotation: 1 transporter
There is a staircase to the Ecumenical Temple here.
The phantom barely misses you. The phantom barely misses you.
The phantom attacks as you move away! The phantom barely misses you.
The phantom attacks as you move away! The phantom hits you.
You take 1 damage, and have 25/26 hp.
Health restored: 26 The phantom attacks as you move away!
The phantom misses you.
You see here a ring of resist corrosion.
X - a ring of resist corrosion;
e - a scroll of magic mapping {@r4!r} The phantom barely misses you.
The phantom attacks as you move away! The phantom closely misses you.
There is a stone staircase leading up here.
You hit the phantom. You closely miss the phantom. You squeeze the phantom!
The phantom closely misses you.
You hit the phantom but do no damage.
You tentacle-slap the phantom, but do no damage.
You squeeze the phantom, but do no damage.
The phantom misses you.
You hit the phantom but do no damage. The phantom barely misses you.
You closely miss the phantom. You squeeze the phantom. The phantom hits you.
You take 1 damage, and have 25/26 hp.
You hit the phantom but do no damage. The phantom hits you!
The phantom blinks!
You blink.
You take 8 damage, and have 17/26 hp.
MASSIVE DAMAGE!!
You closely miss the phantom. You hit the phantom but do no damage.
The phantom hits you.
You take 6 damage, and have 11/26 hp.
MASSIVE DAMAGE!!
You aren't carrying any potions.
The phantom attacks as you move away! The phantom hits you.
You take 1 damage, and have 10/26 hp.
The phantom attacks as you move away! The phantom hits you.
You take 1 damage, and have 9/26 hp.
The phantom attacks as you move away! The phantom hits you.
* * * LOW HITPOINT WARNING * * *
There is a stone staircase leading up here.
You take 6 damage, and have 3/26 hp.
MASSIVE DAMAGE!!
You closely miss the phantom. The phantom hits you.
* * * LOW HITPOINT WARNING * * *
The phantom blinks!
You blink.
There is a stone staircase leading up here.
The phantom hits you.
You die...
Your body crumbles into a pile of gold.

..#########... #.._...
.....©. ..... ..... .......
....#######.#. #.#.#.#.###
#.... ....... #.#.#.#...
...######...
#.#.#.#.#######..<...#... $
####.#..................#...
#........#W#######.#.####...
#..........@.......#..##..##
$
#........############..##...
#...!......... .............
#........##### #####..>.....
##........# #.........
............# #.........
####........# #.........
#........##########.........
#####...........?...........


You could see a phantom.

Vanquished Creatures
  A hound (D:5)
  An orc (D:5)
2 creatures vanquished.

Notes
Turn   | Place    | Note
-------+----------+-------------------------------------------
     0 | D:5      | sokol815 the Octopode Delver began the quest for the Orb.
     0 | D:5      | Reached XP level 1. HP: 16/16 MP: 1/1
     4 | D:5      | Found a glowing silver altar of Zin.
     6 | D:5      | Found a staircase to the Ecumenical Temple.
    24 | D:5      | Noticed a hound
    26 | D:5      | Noticed a necrophage
    35 | D:5      | Killed a hound
    36 | D:5      | Reached skill level 7 in Stealth
    36 | D:5      | Reached XP level 2. HP: 14/21 MP: 2/2
    36 | D:5      | Reached XP level 3. HP: 17/26 MP: 3/3
   197 | D:5      | Noticed a phantom
   208 | D:5      | Found a transporter.
   233 | Temple   | Entered the Ecumenical Temple
   530 | Temple   | Became a worshipper of Gozag Ym Sagoz the Greedy
   628 | D:5      | HP: 3/26 [phantom (6)]
   632 | D:5      | Slain by a phantom

Illustrated notes

Levels and vault maps discovered:
D:5:      lemuel_ice_spiral_2, layout_basic, minmay_temple_entry_arrows,
          gammafunk_ghost_arena, hangedman_feature_mirror, lightli_minifort
Temple:   mainiacjoe_temple_cubbyholes

Skill      XL: |  1 |
---------------+----+-----
Stealth        | 7 |  7.3
Fighting       | |  3.0
Short Blades   | |  2.9
Dodging        | |  2.0

Action                   || total
-------------------------++-------
Melee: Short sword       ||    15
       Constrict         ||     2
       Tentacles         ||     3
       Punch             ||     1
  Use: Potion            ||     1
 Stab: Sleeping          ||     1
Dodge: Dodged            ||    15

Table legend: (Time is in decaauts)
 A = Elapsed time spent in this place.
 B = Non-inter-level travel time spent in this place.
 C = Inter-level travel time spent in this place.
 D = Time resting spent in this place.
 E = Time spent auto-exploring this place.
 F = Levels seen in this place.
 G = Mean time per level.
                   A        B        C        D        E       F      G
               +--------+--------+--------+--------+--------+-----+--------+
         Total |    611 |    539 |     72 |     36 |    295 |   2 |  305.5 |
       Dungeon |    260 |    241 |     19 |     36 |      7 |   1 |  260.0 |
        Temple |    350 |    297 |     53 |      0 |    288 |   1 |  350.0 |
               +--------+--------+--------+--------+--------+-----+--------+

Top non-repeatable levels by time:
  Temple: 350 daAuts
     D:5: 260 daAuts

Table legend:
 A = Kills in this place as a percentage of kills in entire the game.
 B = Kills by you in this place as a percentage of kills by you in the entire game.
 C = Kills by friends in this place as a percentage of kills by friends in the entire game.
 D = Other kills in this place as a percentage of other kills in the entire game.
 E = Experience gained in this place as a percentage of experience gained in the entire game.
 F = Experience gained in this place divided by the number of levels of this place that you have seen.
                   A       B       C       D       E      F
               +-------+-------+-------+-------+-------+----------------------
         Total | 100.0 | 100.0 |   N/A |   N/A | 100.0 |  22.5
       Dungeon | 100.0 | 100.0 |   N/A |   N/A | 100.0 |  45.0
               +-------+-------+-------+-------+-------+----------------------
